MapleLeafs vs Wild

Created - 1 décembre 2017 at 19:10

Goals
1 2 3 T
MapleLeafs 1 0 0 1
Wild 2 1 1 4
Shots
1 2 3 T
MapleLeafs 5 7 1 13
Wild 12 12 17 41

1st period

1. MapleLeafs , Dmitry Kulikov 5 (Nazem Kadri 12, T.J. Oshie 15) at 5:16 (PP)
2. Wild , Tanner Pearson 16 (Jason Pominville 19, Eric Staal 19) at 6:31
3. Wild , Sven Baertschi 9 (Andreas Athanasiou 10, Alexander Edler 14) at 15:34

Penalties :
Josh Gorges (MIN) for Boarding (Minor) at 0:05, Josh Gorges (MIN) for Slashing (Minor) at 4:52, Marc Methot (TOR) for High sticking (Minor) at 11:27, Cody Franson (TOR) for High sticking (Minor) at 19:15

2nd period

4. Wild , Richard Panik 4 (Jason Spezza 19) at 12:03

Penalties :
Marc Methot (TOR) for Tripping (Minor) at 1:50, Riley Nash (MIN) for Hooking (Minor) at 5:48

3rd period

5. Wild , Alexander Edler 7 (Eric Staal 20, Marian Gaborik 4) at 19:32

Penalties :
Brent Seabrook (TOR) for Interference (Minor) at 0:11, Adam Erne (TOR) for Hooking (Minor) at 9:49, Karl Alzner (TOR) for Tripping (Minor) at 13:22

Goalie Stats

Corey Crawford (TOR), 37 saves from 41 shots - (0.902), L, 11-14-1, 60:00 minutes
James Reimer (MIN), 12 saves from 13 shots - (0.923), W, 14-16-1, 60:00 minutes

Players Stats for MapleLeafs

Player Name              G  A  P  +/- PIM S  H  SB GA TA FO     MP     PP MP  PK MP  
------------------------------------------------------------------------------------
Adam Erne                0  0  0   0  2   1  1  0  0  0  0/1     9:47   0:42   0:23 
Beau Bennett             0  0  0  -3  0   0  0  0  0  0  1/2    13:13   0:51   0:00 
Brent Seabrook           0  0  0  -3  2   0  0  3  0  0  0/0    22:25   2:25   6:38 
Christopher DiDomenico   0  0  0   0  0   0  0  0  0  0  0/0     9:25   0:42   0:00 
Cody Franson             0  0  0   0  2   0  2  0  0  0  0/0    16:05   0:42   1:19 
David Krejci             0  0  0  -3  0   0  0  0  0  0  12/21  17:02   0:51   3:49 
Dmitry Kulikov           1  0  1  -1  0   3  2  3  0  0  0/0    20:26   1:15   2:55 
Karl Alzner              0  0  0  -3  2   0  0  3  0  0  0/0    21:38   2:25   5:51 
Marc Methot              0  0  0  -1  4   0  1  0  0  0  0/0    21:34   1:15   4:05 
Marek Hrivik             0  0  0   0  0   1  0  0  0  0  0/0     9:19   0:00   0:23 
Mikael Backlund          0  0  0   0  0   1  0  0  0  0  7/10   12:45   0:00   3:49 
Milan Lucic              0  0  0  -1  0   1  2  0  0  0  3/3    16:32   2:49   0:00 
Nazem Kadri              0  1  1  -1  0   0  0  0  0  0  5/11   24:14   2:49   7:42 
Reilly Smith             0  0  0  -3  0   3  0  0  0  0  0/2    13:13   0:51   0:00 
Scott Laughton           0  0  0   0  0   0  0  0  0  0  5/6     8:43   0:00   0:00 
T.J. Oshie               0  1  1  -1  0   3  0  1  0  0  9/16   24:14   2:49   7:42 
Tanner Glass             0  0  0   0  0   0  0  0  0  0  0/0     9:38   0:42   0:00 
Zach Bogosian            0  0  0   0  0   0  1  2  0  0  0/0    17:47   0:42   3:00 

Players Stats for Wild

Player Name              G  A  P  +/- PIM S  H  SB GA TA FO     MP     PP MP  PK MP  
------------------------------------------------------------------------------------
Alexander Edler          1  1  2   3  0   4  2  2  0  0  0/0    24:56   7:10   2:20 
Andreas Athanasiou       0  1  1   1  0   3  0  1  0  0  3/14   15:59   0:00   0:47 
Christian Folin          0  0  0   0  0   0  1  0  0  0  0/0    16:24   0:00   1:20 
Eric Staal               0  2  2   2  0   3  0  0  0  0  17/37  25:16   6:10   2:12 
Jason Pominville         0  1  1   1  0   3  0  0  0  0  0/1    18:05   6:10   1:37 
Jason Spezza             0  1  1   1  0   2  0  0  0  0  9/16   18:58   5:44   1:50 
Johnny Oduya             0  0  0   1  0   2  0  0  0  0  0/0    20:11   4:44   2:13 
Joonas Donskoi           0  0  0   1  0   2  0  0  0  0  0/0     6:50   0:00   0:00 
Josh Gorges              0  0  0   3  4   3  0  2  0  0  0/0    22:29   6:16   0:49 
Marco Scandella          0  0  0   1  0   0  0  0  0  0  0/0    20:00   4:44   2:02 
Marian Gaborik           0  1  1   1  0   1  1  0  0  0  0/0     6:50   0:00   0:00 
Mason Raymond            0  0  0   0  0   0  0  0  0  0  0/0     0:14   0:00   0:00 
Nicklas Grossmann        0  0  0   0  0   1  4  0  0  0  0/0    15:58   0:54   0:00 
Richard Panik            1  0  1   1  0   4  7  0  0  0  0/0    17:49   5:44   0:41 
Riley Nash               0  0  0   1  2   5  1  0  0  0  1/1    17:07   5:44   0:00 
Ryan Callahan            0  0  0   1  0   1  2  0  0  0  0/0    15:12   0:00   0:00 
Sven Baertschi           1  0  1   1  0   3  0  0  0  0  0/0    15:12   0:00   0:00 
Tanner Pearson           1  0  1   1  0   4  1  0  0  0  0/3    18:05   6:10   1:37 

3 Stars

1 - Alexander Edler (MIN)
2 - Richard Panik (MIN)
3 - Eric Staal (MIN)

Power Play

MapleLeafs - 1 on 3 Attempt(s) - 33.33%
Wild - 0 on 6 Attempt(s) - 0.00%

Penalty Kill

MapleLeafs - 6 on 6 Attempt(s) - 100.00% - Score 0 goal in Penalty Kill
Wild - 2 on 3 Attempt(s) - 66.67% - Score 0 goal in Penalty Kill

Team Stat

MapleLeafs - Hits : 9 - Faceoff Wins : 42 - Blocked Shots : 12 - Penalty Minutes : 12
Wild - Hits : 19 - Faceoff Wins : 30 - Blocked Shots : 5 - Penalty Minutes : 6

Official

Referees : Kyle Rehman and Eric Furlatt
Linesman : Don Henderson and Bryan Pancich

Game Notes

No Game Note

Finance

Level 1 -- Attendance: 6290 (96.77%) -- Ticket Income 691 900 $
Level 2 -- Attendance: 4638 (92.76%) -- Ticket Income 347 850 $
Level 3 -- Attendance: 3462 (98.91%) -- Ticket Income 193 872 $
Level 4 -- Attendance: 1954 (100.00%) -- Ticket Income 78 160 $
Luxury Box -- Attendance: 963 (96.30%) -- Ticket Income 191 637 $
Game was played at the Xcel Energy Center.
Total Attendance: 17307 (96.40%)
Total Ticket Income: 1 503 419 $
Other Income: 225 513 $
Total Income: 1 728 932 $

% Time on Ice - MapleLeafs

Lines # - Real PCT - Wanted PCT - Time Play
Normal Forward
1 - 31% - 35% - 13:43
2 - 28% - 29% - 12:22
3 - 20% - 23% - 8:56
4 - 20% - 13% - 8:43
Normal Defense
1 - 31% - 40% - 13:23
2 - 37% - 30% - 16:16
3 - 32% - 20% - 14:05
4 - 0% - 10% - 0:00
PP Forward
1 - 81% - 56% - 3:31
2 - 19% - 44% - 0:51
PP Defense
1 - 71% - 60% - 3:07
2 - 29% - 40% - 1:15
PK Forward
1 - 68% - 60% - 8:05
2 - 32% - 40% - 3:49
PK Defense
1 - 72% - 60% - 8:36
2 - 28% - 40% - 3:18
PK3 Forward
1 - 0% - 60%
2 - 0% - 40%
PK3 Defense
1 - 0% - 60%
2 - 0% - 40%
44 Forward
1 - 0% - 60%
2 - 0% - 40%
44 Defense
1 - 0% - 60%
2 - 0% - 40%
Last Minute Offensive  - 0:00
Last Minute Defensive  - 0:00
Total
Forward - 60:00
Defense - 60:00

% Time on Ice - Wild

Lines # - Real PCT - Wanted PCT - Time Play
Normal Forward
1 - 24% - 40% - 10:18
2 - 26% - 30% - 11:24
3 - 35% - 20% - 15:12
4 - 16% - 10% - 6:50
Normal Defense
1 - 34% - 40% - 14:59
2 - 30% - 30% - 13:14
3 - 34% - 20% - 15:04
4 - 1% - 10% - 0:27
PP Forward
1 - 52% - 60% - 6:10
2 - 48% - 40% - 5:44
PP Defense
1 - 60% - 60% - 7:10
2 - 40% - 40% - 4:44
PK Forward
1 - 63% - 60% - 2:45
2 - 37% - 40% - 1:37
PK Defense
1 - 53% - 60% - 2:20
2 - 47% - 40% - 2:02
PK3 Forward
1 - 0% - 60%
2 - 0% - 40%
PK3 Defense
1 - 0% - 60%
2 - 0% - 40%
44 Forward
1 - 0% - 60%
2 - 0% - 40%
44 Defense
1 - 0% - 60%
2 - 0% - 40%
Last Minute Offensive  - 0:00
Last Minute Defensive  - 0:00
Total
Forward - 60:00
Defense - 60:00

Play by Play

1st period


0:01 of 1st period - Nazem Kadri wins face-off versus Jason Pominville in neutral zone.
0:05 of 1st period - Minor Penalty to Josh Gorges for Boarding.
0:06 of 1st period - Nazem Kadri wins face-off versus Eric Staal in Wild zone.
0:58 of 1st period - Off-side.
0:59 of 1st period - Eric Staal wins face-off versus David Krejci in neutral zone.
1:10 of 1st period - Shot by Reilly Smith.
1:10 of 1st period - Stopped by James Reimer with a rebound.
1:12 of 1st period - Shot by Dmitry Kulikov.
1:12 of 1st period - Stopped by James Reimer with a rebound.
1:14 of 1st period - Shot by Reilly Smith.
1:14 of 1st period - Shot Misses the Net.
1:16 of 1st period - Shot by Dmitry Kulikov.
1:16 of 1st period - Stopped by James Reimer without a rebound.
1:17 of 1st period - Eric Staal wins face-off versus Reilly Smith in Wild zone.
2:13 of 1st period - Shot by Mikael Backlund.
2:13 of 1st period - Shot Misses the Net.
2:59 of 1st period - Shot by Josh Gorges.
2:59 of 1st period - Stopped by Corey Crawford with a rebound.
3:05 of 1st period - Adam Erne is hit by Richard Panik and loses puck.
3:09 of 1st period - Brent Seabrook is hit by Richard Panik and loses puck.
3:25 of 1st period - Icing by Karl Alzner.
3:26 of 1st period - Scott Laughton wins face-off versus Eric Staal in MapleLeafs zone.
3:51 of 1st period - Shot by Eric Staal.
3:51 of 1st period - Deflect By Tanner Pearson.
3:51 of 1st period - Stopped by Corey Crawford without a rebound.
3:52 of 1st period - Andreas Athanasiou wins face-off versus Nazem Kadri in MapleLeafs zone.
3:53 of 1st period - Shot by Sven Baertschi.
3:53 of 1st period - Shot Blocked by Dmitry Kulikov.
3:55 of 1st period - Shot by Andreas Athanasiou.
3:55 of 1st period - Shot Misses the Net.
4:13 of 1st period - Shot by Ryan Callahan.
4:13 of 1st period - Stopped by Corey Crawford without a rebound.
4:14 of 1st period - David Krejci wins face-off versus Jason Spezza in MapleLeafs zone.
4:52 of 1st period - Minor Penalty to Josh Gorges for Slashing.
4:53 of 1st period - Nazem Kadri wins face-off versus Eric Staal in Wild zone.
4:58 of 1st period - Shot by Marc Methot.
4:58 of 1st period - Shot Misses the Net.
5:16 of 1st period - Shot by Dmitry Kulikov.
5:16 of 1st period - Goal by Dmitry Kulikov - MapleLeafs : 1 - Wild : 0.
5:17 of 1st period - Mikael Backlund wins face-off versus Eric Staal in neutral zone.
5:36 of 1st period - Shot by Mikael Backlund.
5:36 of 1st period - Stopped by James Reimer without a rebound.
5:37 of 1st period - Andreas Athanasiou wins face-off versus Nazem Kadri in Wild zone.
6:14 of 1st period - Shot by Nazem Kadri.
6:14 of 1st period - Shot Misses the Net.
6:25 of 1st period - Off-side.
6:26 of 1st period - Eric Staal wins face-off versus David Krejci in neutral zone.
6:31 of 1st period - Shot by Tanner Pearson.
6:31 of 1st period - Goal by Tanner Pearson - MapleLeafs : 1 - Wild : 1.
6:32 of 1st period - Eric Staal wins face-off versus Beau Bennett in neutral zone.
6:35 of 1st period - Shot by Jason Pominville.
6:35 of 1st period - Shot Blocked by Karl Alzner.
6:48 of 1st period - Icing by Alexander Edler.
6:49 of 1st period - Mikael Backlund wins face-off versus Eric Staal in Wild zone.
6:52 of 1st period - Shot by Mikael Backlund.
6:52 of 1st period - Shot Misses the Net.
7:06 of 1st period - Shot by Eric Staal.
7:06 of 1st period - Shot Misses the Net.
7:08 of 1st period - Shot by Josh Gorges.
7:08 of 1st period - Shot Misses the Net.
7:10 of 1st period - Shot by Eric Staal.
7:10 of 1st period - Stopped by Corey Crawford with a rebound.
7:14 of 1st period - Shot by Jason Pominville.
7:14 of 1st period - Stopped by Corey Crawford without a rebound.
7:15 of 1st period - Jason Spezza wins face-off versus T.J. Oshie in MapleLeafs zone.
7:30 of 1st period - Shot by Riley Nash.
7:30 of 1st period - Stopped by Corey Crawford with a rebound.
8:04 of 1st period - Shot by Ryan Callahan.
8:04 of 1st period - Deflect By Andreas Athanasiou.
8:04 of 1st period - Shot Blocked by Karl Alzner.
8:06 of 1st period - Shot by Andreas Athanasiou.
8:06 of 1st period - Stopped by Corey Crawford without a rebound.
8:07 of 1st period - David Krejci wins face-off versus Tanner Pearson in MapleLeafs zone.
8:20 of 1st period - Shot by David Krejci.
8:20 of 1st period - Deflect By Reilly Smith.
8:20 of 1st period - Shot Blocked by Josh Gorges.
8:22 of 1st period - Shot by Reilly Smith.
8:22 of 1st period - Deflect By David Krejci.
8:22 of 1st period - Shot Misses the Net.
8:45 of 1st period - Icing by Eric Staal.
8:46 of 1st period - Eric Staal wins face-off versus Mikael Backlund in Wild zone.
9:01 of 1st period - Shot by Marek Hrivik.
9:01 of 1st period - Shot Hit the Post.
9:42 of 1st period - Shot by Richard Panik.
9:42 of 1st period - Shot Blocked by Zach Bogosian.
9:56 of 1st period - Milan Lucic is hit by Riley Nash and loses puck.
10:22 of 1st period - Off-side.
10:23 of 1st period - Beau Bennett wins face-off versus Andreas Athanasiou in neutral zone.
10:37 of 1st period - Reilly Smith is hit by Christian Folin and loses puck.
10:50 of 1st period - Shot by Andreas Athanasiou.
10:50 of 1st period - Shot Hit the Post.
10:52 of 1st period - Shot by Andreas Athanasiou.
10:52 of 1st period - Shot Blocked by Dmitry Kulikov.
10:54 of 1st period - Shot by Andreas Athanasiou.
10:54 of 1st period - Shot Misses the Net.
11:23 of 1st period - Joonas Donskoi is hit by Dmitry Kulikov and loses puck.
11:27 of 1st period - Minor Penalty to Marc Methot for High sticking.
11:28 of 1st period - T.J. Oshie wins face-off versus Eric Staal in MapleLeafs zone.
11:56 of 1st period - Shot by Nazem Kadri.
11:56 of 1st period - Shot Misses the Net.
12:32 of 1st period - Shot by Jason Spezza.
12:32 of 1st period - Stopped by Corey Crawford without a rebound.
12:33 of 1st period - Jason Spezza wins face-off versus David Krejci in MapleLeafs zone.
12:48 of 1st period - Shot by Jason Spezza.
12:48 of 1st period - Shot Misses the Net.
13:20 of 1st period - Icing by Nicklas Grossmann.
13:21 of 1st period - Jason Spezza wins face-off versus David Krejci in Wild zone.
13:54 of 1st period - Shot by Sven Baertschi.
13:54 of 1st period - Shot Misses the Net.
13:58 of 1st period - Shot by Andreas Athanasiou.
13:58 of 1st period - Stopped by Corey Crawford without a rebound.
13:59 of 1st period - David Krejci wins face-off versus Eric Staal in MapleLeafs zone.
14:11 of 1st period - Icing by Tanner Pearson.
14:12 of 1st period - Eric Staal wins face-off versus Nazem Kadri in Wild zone.
14:45 of 1st period - Milan Lucic is hit by Nicklas Grossmann and loses puck.
15:34 of 1st period - Shot by Sven Baertschi.
15:34 of 1st period - Goal by Sven Baertschi - MapleLeafs : 1 - Wild : 2.
15:35 of 1st period - Riley Nash wins face-off versus Mikael Backlund in neutral zone.
15:38 of 1st period - Shot by Richard Panik.
15:38 of 1st period - Shot Misses the Net.
17:21 of 1st period - Icing by Josh Gorges.
17:22 of 1st period - Milan Lucic wins face-off versus Eric Staal in Wild zone.
17:41 of 1st period - Shot by T.J. Oshie.
17:41 of 1st period - Shot Misses the Net.
18:01 of 1st period - Shot by Andreas Athanasiou.
18:01 of 1st period - Shot Misses the Net.
18:44 of 1st period - Riley Nash is hit by Zach Bogosian and loses puck.
18:50 of 1st period - Richard Panik is hit by Cody Franson and loses puck.
19:15 of 1st period - Minor Penalty to Cody Franson for High sticking.
19:16 of 1st period - T.J. Oshie wins face-off versus Tanner Pearson in MapleLeafs zone.
19:29 of 1st period - Shot by Tanner Pearson.
19:29 of 1st period - Shot Hit the Post.
19:31 of 1st period - Shot by Josh Gorges.
19:31 of 1st period - Stopped by Corey Crawford without a rebound.
19:32 of 1st period - Eric Staal wins face-off versus T.J. Oshie in MapleLeafs zone.
Goals for this period are 1 for MapleLeafs vs 2 for Wild.
Shots for this period are 5 for MapleLeafs vs 12 for Wild.

2nd period


0:01 of 2nd period - Eric Staal wins face-off versus T.J. Oshie in neutral zone.
0:26 of 2nd period - Shot by Eric Staal.
0:26 of 2nd period - Stopped by Corey Crawford without a rebound.
0:27 of 2nd period - David Krejci wins face-off versus Jason Spezza in MapleLeafs zone.
1:00 of 2nd period - Shot by Jason Spezza.
1:00 of 2nd period - Stopped by Corey Crawford without a rebound.
1:01 of 2nd period - T.J. Oshie wins face-off versus Eric Staal in MapleLeafs zone.
1:19 of 2nd period - Shot by Zach Bogosian.
1:19 of 2nd period - Shot Blocked by Andreas Athanasiou.
1:30 of 2nd period - Icing by Nicklas Grossmann.
1:31 of 2nd period - David Krejci wins face-off versus Andreas Athanasiou in Wild zone.
1:50 of 2nd period - Shot by Nicklas Grossmann.
1:50 of 2nd period - Stopped by Corey Crawford without a rebound.
1:50 of 2nd period - Minor Penalty to Marc Methot for Tripping.
1:51 of 2nd period - T.J. Oshie wins face-off versus Eric Staal in MapleLeafs zone.
1:51 of 2nd period - T.J. Oshie is hit by Tanner Pearson.
2:09 of 2nd period - Shot by Tanner Pearson.
2:09 of 2nd period - Shot Misses the Net.
2:44 of 2nd period - Shot by Marco Scandella.
2:44 of 2nd period - Shot Blocked by Dmitry Kulikov.
2:49 of 2nd period - Shot by Johnny Oduya.
2:49 of 2nd period - Stopped by Corey Crawford with a rebound.
3:26 of 2nd period - Icing by Eric Staal.
3:27 of 2nd period - Eric Staal wins face-off versus David Krejci in Wild zone.
4:05 of 2nd period - Shot by Christopher DiDomenico.
4:05 of 2nd period - Deflect By Adam Erne.
4:05 of 2nd period - Stopped by James Reimer without a rebound.
4:06 of 2nd period - Eric Staal wins face-off versus David Krejci in Wild zone.
4:19 of 2nd period - Eric Staal is hit by Marc Methot.
5:30 of 2nd period - Dmitry Kulikov is hit by Richard Panik and loses puck.
5:40 of 2nd period - Marc Methot is hit by Richard Panik and loses puck.
5:48 of 2nd period - Minor Penalty to Riley Nash for Hooking.
5:49 of 2nd period - Milan Lucic wins face-off versus Eric Staal in Wild zone.
5:56 of 2nd period - Shot by T.J. Oshie.
5:56 of 2nd period - Shot Misses the Net.
5:58 of 2nd period - Shot by T.J. Oshie.
5:58 of 2nd period - Stopped by James Reimer without a rebound.
5:59 of 2nd period - Eric Staal wins face-off versus Nazem Kadri in Wild zone.
5:59 of 2nd period - Eric Staal is hit by Milan Lucic.
6:25 of 2nd period - Shot by Brent Seabrook.
6:25 of 2nd period - Shot Blocked by Josh Gorges.
6:27 of 2nd period - Shot by Karl Alzner.
6:27 of 2nd period - Shot Hit the Post.
6:43 of 2nd period - Johnny Oduya is hit by Milan Lucic and loses puck.
7:02 of 2nd period - Shot by Zach Bogosian.
7:02 of 2nd period - Shot Misses the Net.
7:16 of 2nd period - Shot by Adam Erne.
7:16 of 2nd period - Shot Misses the Net.
7:47 of 2nd period - Shot by Brent Seabrook.
7:47 of 2nd period - Deflect By T.J. Oshie.
7:47 of 2nd period - Stopped by James Reimer without a rebound.
7:48 of 2nd period - Eric Staal wins face-off versus Mikael Backlund in Wild zone.
7:53 of 2nd period - Shot by Tanner Pearson.
7:53 of 2nd period - Shot Misses the Net.
7:57 of 2nd period - Shot by Tanner Pearson.
7:57 of 2nd period - Shot Misses the Net.
8:18 of 2nd period - Mikael Backlund is hit by Nicklas Grossmann.
8:59 of 2nd period - Shot by Sven Baertschi.
8:59 of 2nd period - Stopped by Corey Crawford without a rebound.
9:00 of 2nd period - Nazem Kadri wins face-off versus Jason Spezza in MapleLeafs zone.
9:13 of 2nd period - Shot by Milan Lucic.
9:13 of 2nd period - Stopped by James Reimer without a rebound.
9:14 of 2nd period - David Krejci wins face-off versus Andreas Athanasiou in Wild zone.
10:55 of 2nd period - Shot by Tanner Pearson.
10:55 of 2nd period - Shot Misses the Net.
11:15 of 2nd period - Icing by Tanner Pearson.
11:16 of 2nd period - Mikael Backlund wins face-off versus Eric Staal in Wild zone.
11:55 of 2nd period - Shot by Andreas Athanasiou.
11:55 of 2nd period - Stopped by Corey Crawford without a rebound.
11:56 of 2nd period - Jason Spezza wins face-off versus Reilly Smith in MapleLeafs zone.
12:03 of 2nd period - Shot by Richard Panik.
12:03 of 2nd period - Goal by Richard Panik - MapleLeafs : 1 - Wild : 3.
12:04 of 2nd period - Scott Laughton wins face-off versus Andreas Athanasiou in neutral zone.
12:36 of 2nd period - Icing by Ryan Callahan.
12:37 of 2nd period - Milan Lucic wins face-off versus Andreas Athanasiou in Wild zone.
13:06 of 2nd period - Shot by Richard Panik.
13:06 of 2nd period - Stopped by Corey Crawford with a rebound.
13:27 of 2nd period - Zach Bogosian is hit by Richard Panik.
13:52 of 2nd period - Shot by Tanner Glass.
13:52 of 2nd period - Shot Misses the Net.
14:06 of 2nd period - Shot by Eric Staal.
14:06 of 2nd period - Shot Misses the Net.
14:08 of 2nd period - Shot by Christian Folin.
14:08 of 2nd period - Shot Misses the Net.
14:10 of 2nd period - Shot by Eric Staal.
14:10 of 2nd period - Shot Misses the Net.
14:12 of 2nd period - Shot by Tanner Pearson.
14:12 of 2nd period - Stopped by Corey Crawford without a rebound.
14:13 of 2nd period - Eric Staal wins face-off versus David Krejci in MapleLeafs zone.
14:16 of 2nd period - Shot by Marian Gaborik.
14:16 of 2nd period - Shot Misses the Net.
14:18 of 2nd period - Shot by Marian Gaborik.
14:18 of 2nd period - Stopped by Corey Crawford without a rebound.
14:19 of 2nd period - David Krejci wins face-off versus Eric Staal in MapleLeafs zone.
14:36 of 2nd period - Shot by David Krejci.
14:36 of 2nd period - Shot Misses the Net.
14:38 of 2nd period - Shot by Reilly Smith.
14:38 of 2nd period - Stopped by James Reimer with a rebound.
14:57 of 2nd period - Shot by David Krejci.
14:57 of 2nd period - Shot Blocked by Alexander Edler.
15:11 of 2nd period - Shot by T.J. Oshie.
15:11 of 2nd period - Shot Misses the Net.
15:13 of 2nd period - Shot by T.J. Oshie.
15:13 of 2nd period - Shot Misses the Net.
15:28 of 2nd period - Icing by Joonas Donskoi.
15:29 of 2nd period - Eric Staal wins face-off versus Adam Erne in Wild zone.
15:48 of 2nd period - Shot by Richard Panik.
15:48 of 2nd period - Shot Misses the Net.
15:50 of 2nd period - Shot by Riley Nash.
15:50 of 2nd period - Stopped by Corey Crawford without a rebound.
15:51 of 2nd period - Mikael Backlund wins face-off versus Andreas Athanasiou in MapleLeafs zone.
16:20 of 2nd period - Shot by Marek Hrivik.
16:20 of 2nd period - Stopped by James Reimer without a rebound.
16:21 of 2nd period - Jason Spezza wins face-off versus Nazem Kadri in Wild zone.
16:53 of 2nd period - Shot by Jason Spezza.
16:53 of 2nd period - Shot Misses the Net.
16:55 of 2nd period - Shot by Johnny Oduya.
16:55 of 2nd period - Shot Misses the Net.
17:40 of 2nd period - Nazem Kadri is hit by Alexander Edler and loses puck.
17:58 of 2nd period - Shot by Ryan Callahan.
17:58 of 2nd period - Shot Hit the Post.
18:00 of 2nd period - Shot by Andreas Athanasiou.
18:00 of 2nd period - Deflect By Sven Baertschi.
18:00 of 2nd period - Shot Blocked by T.J. Oshie.
19:03 of 2nd period - Shot by Marian Gaborik.
19:03 of 2nd period - Deflect By Joonas Donskoi.
19:03 of 2nd period - Stopped by Corey Crawford with a rebound.
19:19 of 2nd period - Shot by Reilly Smith.
19:19 of 2nd period - Stopped by James Reimer without a rebound.
19:20 of 2nd period - Mikael Backlund wins face-off versus Andreas Athanasiou in Wild zone.
19:24 of 2nd period - Icing by Alexander Edler.
19:25 of 2nd period - Mikael Backlund wins face-off versus Andreas Athanasiou in Wild zone.
19:48 of 2nd period - Shot by Tanner Glass.
19:48 of 2nd period - Shot Blocked by Alexander Edler.
Goals for this period are 0 for MapleLeafs vs 1 for Wild.
Shots for this period are 7 for MapleLeafs vs 12 for Wild.

3rd period


0:01 of 3rd period - Eric Staal wins face-off versus Nazem Kadri in neutral zone.
0:11 of 3rd period - Minor Penalty to Brent Seabrook for Interference.
0:12 of 3rd period - Jason Spezza wins face-off versus T.J. Oshie in MapleLeafs zone.
0:13 of 3rd period - Shot by Josh Gorges.
0:13 of 3rd period - Stopped by Corey Crawford without a rebound.
0:14 of 3rd period - T.J. Oshie wins face-off versus Eric Staal in MapleLeafs zone.
0:23 of 3rd period - Shot by Nazem Kadri.
0:23 of 3rd period - Shot Misses the Net.
1:08 of 3rd period - Shot by Richard Panik.
1:08 of 3rd period - Stopped by Corey Crawford without a rebound.
1:09 of 3rd period - T.J. Oshie wins face-off versus Jason Spezza in MapleLeafs zone.
1:24 of 3rd period - Shot by Jason Spezza.
1:24 of 3rd period - Deflect By Richard Panik.
1:24 of 3rd period - Stopped by Corey Crawford without a rebound.
1:25 of 3rd period - Eric Staal wins face-off versus T.J. Oshie in MapleLeafs zone.
1:30 of 3rd period - Shot by Eric Staal.
1:30 of 3rd period - Shot Misses the Net.
1:34 of 3rd period - Shot by Tanner Pearson.
1:34 of 3rd period - Shot Misses the Net.
1:36 of 3rd period - Shot by Eric Staal.
1:36 of 3rd period - Shot Misses the Net.
1:38 of 3rd period - Shot by Josh Gorges.
1:38 of 3rd period - Shot Blocked by Karl Alzner.
1:40 of 3rd period - Shot by Alexander Edler.
1:40 of 3rd period - Stopped by Corey Crawford with a rebound.
1:42 of 3rd period - Shot by Eric Staal.
1:42 of 3rd period - Deflect By Jason Pominville.
1:42 of 3rd period - Stopped by Corey Crawford without a rebound.
1:43 of 3rd period - David Krejci wins face-off versus Jason Spezza in MapleLeafs zone.
1:52 of 3rd period - Shot by Jason Spezza.
1:52 of 3rd period - Shot Misses the Net.
1:54 of 3rd period - Shot by Marco Scandella.
1:54 of 3rd period - Deflect By Richard Panik.
1:54 of 3rd period - Shot Misses the Net.
1:56 of 3rd period - Shot by Johnny Oduya.
1:56 of 3rd period - Stopped by Corey Crawford without a rebound.
1:57 of 3rd period - Mikael Backlund wins face-off versus Jason Spezza in MapleLeafs zone.
3:50 of 3rd period - Shot by T.J. Oshie.
3:50 of 3rd period - Stopped by James Reimer with a rebound.
4:23 of 3rd period - Icing by Beau Bennett.
4:24 of 3rd period - David Krejci wins face-off versus Eric Staal in MapleLeafs zone.
4:48 of 3rd period - Eric Staal is hit by Dmitry Kulikov and loses puck.
5:18 of 3rd period - Brent Seabrook is hit by Nicklas Grossmann and loses puck.
5:59 of 3rd period - Shot by Riley Nash.
5:59 of 3rd period - Stopped by Corey Crawford without a rebound.
6:00 of 3rd period - Nazem Kadri wins face-off versus Eric Staal in MapleLeafs zone.
6:12 of 3rd period - Shot by Milan Lucic.
6:12 of 3rd period - Shot Misses the Net.
6:22 of 3rd period - Nazem Kadri is hit by Marian Gaborik and loses puck.
7:14 of 3rd period - Icing by Dmitry Kulikov.
7:15 of 3rd period - Scott Laughton wins face-off versus Andreas Athanasiou in MapleLeafs zone.
8:59 of 3rd period - Marc Methot is hit by Richard Panik and loses puck.
9:19 of 3rd period - Off-side.
9:20 of 3rd period - Scott Laughton wins face-off versus Andreas Athanasiou in neutral zone.
9:41 of 3rd period - Icing by Brent Seabrook.
9:42 of 3rd period - Scott Laughton wins face-off versus Eric Staal in MapleLeafs zone.
9:47 of 3rd period - Josh Gorges is hit by Adam Erne and loses puck.
9:49 of 3rd period - Minor Penalty to Adam Erne for Hooking.
9:50 of 3rd period - T.J. Oshie wins face-off versus Eric Staal in MapleLeafs zone.
10:32 of 3rd period - Icing by Tanner Pearson.
10:33 of 3rd period - T.J. Oshie wins face-off versus Tanner Pearson in Wild zone.
11:18 of 3rd period - Marc Methot is hit by Richard Panik and loses puck.
11:25 of 3rd period - Shot by Marco Scandella.
11:25 of 3rd period - Shot Misses the Net.
11:27 of 3rd period - Shot by Riley Nash.
11:27 of 3rd period - Stopped by Corey Crawford without a rebound.
11:28 of 3rd period - David Krejci wins face-off versus Jason Spezza in MapleLeafs zone.
11:53 of 3rd period - Shot by Sven Baertschi.
11:53 of 3rd period - Stopped by Corey Crawford without a rebound.
11:54 of 3rd period - Andreas Athanasiou wins face-off versus Scott Laughton in MapleLeafs zone.
12:00 of 3rd period - Sven Baertschi is hit by Cody Franson and loses puck.
12:37 of 3rd period - Reilly Smith is hit by Ryan Callahan and loses puck.
13:22 of 3rd period - Minor Penalty to Karl Alzner for Tripping.
13:23 of 3rd period - Eric Staal wins face-off versus T.J. Oshie in MapleLeafs zone.
13:24 of 3rd period - Shot by Alexander Edler.
13:24 of 3rd period - Stopped by Corey Crawford with a rebound.
13:26 of 3rd period - Shot by Jason Pominville.
13:26 of 3rd period - Stopped by Corey Crawford with a rebound.
13:28 of 3rd period - Shot by Tanner Pearson.
13:28 of 3rd period - Shot Misses the Net.
13:30 of 3rd period - Shot by Tanner Pearson.
13:30 of 3rd period - Shot Misses the Net.
13:32 of 3rd period - Shot by Tanner Pearson.
13:32 of 3rd period - Stopped by Corey Crawford without a rebound.
13:33 of 3rd period - Jason Spezza wins face-off versus T.J. Oshie in MapleLeafs zone.
13:46 of 3rd period - Shot by Riley Nash.
13:46 of 3rd period - Stopped by Corey Crawford with a rebound.
13:48 of 3rd period - Shot by Alexander Edler.
13:48 of 3rd period - Deflect By Riley Nash.
13:48 of 3rd period - Shot Blocked by Brent Seabrook.
13:50 of 3rd period - Shot by Josh Gorges.
13:50 of 3rd period - Deflect By Jason Spezza.
13:50 of 3rd period - Shot Blocked by Zach Bogosian.
13:52 of 3rd period - Shot by Alexander Edler.
13:52 of 3rd period - Shot Blocked by Brent Seabrook.
13:54 of 3rd period - Shot by Alexander Edler.
13:54 of 3rd period - Stopped by Corey Crawford without a rebound.
13:55 of 3rd period - T.J. Oshie wins face-off versus Eric Staal in MapleLeafs zone.
14:10 of 3rd period - Shot by Jason Pominville.
14:10 of 3rd period - Deflect By Eric Staal.
14:10 of 3rd period - Shot Blocked by Brent Seabrook.
14:18 of 3rd period - Shot by Eric Staal.
14:18 of 3rd period - Stopped by Corey Crawford without a rebound.
14:19 of 3rd period - Jason Spezza wins face-off versus David Krejci in MapleLeafs zone.
14:52 of 3rd period - Shot by T.J. Oshie.
14:52 of 3rd period - Shot Misses the Net.
15:17 of 3rd period - Icing by Eric Staal.
15:18 of 3rd period - David Krejci wins face-off versus Eric Staal in Wild zone.
15:49 of 3rd period - Shot by Joonas Donskoi.
15:49 of 3rd period - Stopped by Corey Crawford without a rebound.
15:50 of 3rd period - David Krejci wins face-off versus Andreas Athanasiou in MapleLeafs zone.
18:30 of 3rd period - Christopher DiDomenico is hit by Ryan Callahan and loses puck.
18:34 of 3rd period - Marc Methot is hit by Nicklas Grossmann.
18:52 of 3rd period - Shot by Andreas Athanasiou.
18:52 of 3rd period - Shot Misses the Net.
19:15 of 3rd period - Milan Lucic is hit by Alexander Edler and loses puck.
19:30 of 3rd period - Shot by Eric Staal.
19:30 of 3rd period - Shot Misses the Net.
19:32 of 3rd period - Shot by Alexander Edler.
19:32 of 3rd period - Goal by Alexander Edler - MapleLeafs : 1 - Wild : 4.
19:33 of 3rd period - Jason Spezza wins face-off versus David Krejci in neutral zone.
Goals for this period are 0 for MapleLeafs vs 1 for Wild.
Shots for this period are 1 for MapleLeafs vs 17 for Wild.